 Dungeon Crawl Stone Soup version 0.30-a0-860-g512cf1e979 (webtiles) character file.

Game seed: 12380126709904047892

37 qeuew the Trooper (level 3, 0/29 HPs)
             Began as a Demonspawn Chaos Knight on Mar 7, 2023.
             Was a Plaything of Xom.
             Slain by a gnoll
             ... wielding a +0 halberd
              (10 damage)
             ... on level 2 of the Dungeon.
             The game lasted 00:01:09 (1152 turns).

qeuew the Trooper (Demonspawn Chaos Knight)         Turns: 1152, Time: 00:01:09

Health: 0/29       AC:  3    Str: 12    XL:     3   Next: 23%
Magic:  3/3        EV: 11    Int: 18    God:    Xom [..*...]
Gold:   50         SH:  4    Dex: 14    Spells: 2/2 levels left

rFire   . . .      SeeInvis .    a - +0 falchion (chaos)
rCold   + . .      Faith    .    (no shield)
rNeg    . . .      Spirit   .    h - +0 leather armour "Nuschonke" {rC+ Regen+ Int+3}
rPois   .          Reflect  .    (no helmet)
rElec   .          Rampage  .    (no cloak)
rCorr   .                        (no gloves)
Will    .....                    (no boots)
Stlth   +                        (no amulet)
HPRegen 1.04/turn                (no ring)
MPRegen 0.08/turn                (no ring)

@: no status effects
A: big brain 1, condensation shield
a: Renounce Religion


You were on level 2 of the Dungeon.
You worshipped Xom.
You were a toy of Xom.
You visited 1 branch of the dungeon, and saw 2 of its levels.

You collected 50 gold pieces.

Inventory:

Hand Weapons
 a - a +0 falchion of chaos (weapon)
Armour
 h - the +0 leather armour "Nuschonke" (worn) {rC+ Regen+ Int+3}
   (You found it on level 2 of the Dungeon)

   Int:       It affects your intelligence (+3).
   rC:        It protects you from cold.
   Regen:     It increases your rate of health regeneration.
Scrolls
 b - 3 scrolls of identify
 f - 2 scrolls of teleportation
 g - a scroll of summoning {unknown}
Potions
 d - 2 potions of heal wounds {unknown}
 e - a potion of berserk rage {unknown}
 i - a potion of curing
Miscellaneous
 c - a piece from Xom's chessboard (15/15) (quivered)


   Skills:
 + Level 3.2 Fighting
 * Level 3.0 Long Blades
 * Level 2.4 Armour
 + Level 1.2 Dodging
 + Level 0.9 Evocations


You had 2 spell levels left.
You didn't know any spells.
Your spell library contained the following spells:

 Spells                   Type           Power      Damage    Failure   Level
 Sandblast                Erth           0%         2d4       28%         1
 Passwall                 Tmut/Erth      0%         N/A       38%         2
 Stone Arrow              Conj/Erth      0%         3d7       63%         3


Dungeon Overview and Level Annotations

Branches:
Dungeon (2/15)

Altars:


Innate Abilities, Weirdness & Mutations

You have an unusually large brain. (Int +2)
A meltable shield of frost defends you. (SH +4)


Message History

Ouch! That really hurt!
The gnoll hits you with a +0 halberd.
You are too injured to fight recklessly!
You are too injured to fight recklessly!
You are too injured to fight recklessly!
You are too injured to fight recklessly!
You are too injured to fight recklessly!
You are too injured to fight recklessly!
You are too injured to fight recklessly!
You are too injured to fight recklessly!
You are too injured to fight recklessly!
You are too injured to fight recklessly!
You are too injured to fight recklessly!
You are too injured to fight recklessly!
You are too injured to fight recklessly!
You are too injured to fight recklessly!
You are too injured to fight recklessly!
You are too injured to fight recklessly!
You are too injured to fight recklessly!
You are too injured to fight recklessly!
You are too injured to fight recklessly!
You are too injured to fight recklessly!
You hit the gnoll. You burn the gnoll.
The gnoll is heavily wounded.
The gnoll misses you.
You barely miss the gnoll.
The gnoll is heavily wounded.
You hit the gnoll.
The gnoll suddenly seems more agile.
Xom thinks this is hilarious!
The gnoll is moderately wounded.
The gnoll barely misses you.
You hit the gnoll. You freeze the gnoll.
The gnoll is heavily wounded.
Xom makes a sudden noise!
You hear maniacal laughter.
The gnoll completely misses you. The gnoll hits you with a +0 whip.
You barely miss the gnoll.
The gnoll is heavily wounded.
The gnoll hits you from afar with a +0 halberd!
You die...
Xom chortles!

######### #.......#
###############.......#
#.gggg@Z......'....[..'
...#############.....)†#
.# #.......# ..
#.......# #. #.......#
#. #.......# #.
#.......# #.##########
#..#


You could see 4 gnolls and a friendly goblin zombie.

Vanquished Creatures
  An adder (D:2)
  A dart slug (D:1)
  3 endoplasms
  3 giant cockroaches
  2 goblins
  2 hobgoblins (D:1)
  3 jackals (D:1)
  2 kobolds
  3 ball pythons
  2 rats
22 creatures vanquished.

Notes
Turn   | Place    | Note
-------+----------+-------------------------------------------
     0 | D:1      | qeuew the Demonspawn Chaos Knight began the quest for the
                  | Orb.
     0 | D:1      | Reached XP level 1. HP: 18/18 MP: 1/1
   230 | D:1      | XOM: 2-stop teleportation journey
   272 | D:1      | Reached skill level 1 in Dodging
   478 | D:1      | Gained mutation: A meltable shield of frost defends you.
                  | (SH +4) [demonic ancestry]
   478 | D:1      | Reached XP level 2. HP: 24/24 MP: 2/2
   653 | D:1      | XOM: enchant monster (bad)
  1024 | D:2      | Gained mutation: You have an unusually large brain. (Int
                  | +2) [demonic ancestry]
  1024 | D:2      | Reached XP level 3. HP: 23/29 MP: 3/3
  1088 | D:2      | XOM: 3-stop teleportation journey
  1119 | D:2      | Identified the +0 leather armour "Nuschonke" {rC+ Regen+
                  | Int+3}
  1151 | D:2      | XOM: noise
  1152 | D:2      | Slain by a gnoll

Illustrated notes

Levels and vault maps discovered:
D:1:      lightli_arrival_statuegarden, layout_basic
D:2:      layout_basic

Skill      XL: |  1  2 |
---------------+-------+-----
Dodging        | 1 |  1.2
Armour         | 2 |  2.4
Long Blades    | 3 |  3.0
Fighting       | |  3.2
Evocations     | |  0.9

Action                     || total
---------------------------++-------
  Melee: Falchion          ||    72
         Punch             ||     2
    Use: Scroll            ||     4
 Armour: Leather armour    ||    24
  Dodge: Dodged            ||    55
  Block: Other             ||     9

Table legend: (Time is in decaauts)
 A = Elapsed time spent in this place.
 B = Non-inter-level travel time spent in this place.
 C = Inter-level travel time spent in this place.
 D = Time resting spent in this place.
 E = Time spent auto-exploring this place.
 F = Levels seen in this place.
 G = Mean time per level.
                   A        B        C        D        E       F      G
               +--------+--------+--------+--------+--------+-----+--------+
         Total |   1163 |   1150 |     13 |      0 |    972 |   2 |  581.5 |
       Dungeon |   1163 |   1150 |     13 |      0 |    972 |   2 |  581.5 |
               +--------+--------+--------+--------+--------+-----+--------+

Top non-repeatable levels by time:
     D:1: 943 daAuts
     D:2: 220 daAuts
